 Dungeon Crawl Stone Soup version 0.17-a0-1767-gccbed74 (webtiles) character file.

93 luca467 the Insei (level 4, -9/35 HPs)
             Began as a Demonspawn Monk on Sept 6, 2015.
             Killed by nerve-wracking pain
             ... invoked by an orc priest
              (12 damage)
             ... on level 3 of the Dungeon.
             The game lasted 00:13:28 (1885 turns).

luca467 the Insei (Demonspawn Monk)                 Turns: 1885, Time: 00:13:28

Health: -9/35      AC:  3    Str: 11    XL:     4   Next: 36%
Magic:  4/4        EV: 13    Int: 12    God:
Gold:   91         SH:  0    Dex: 16    Spells: 0 memorised, 3 levels left

rFire  . . .     SeeInvis .       - Unarmed
rCold  . . .     Clarity  .     a - +0 robe
rNeg   . . .     SustAt   .     (no shield)
rPois  .         Gourm    .     (no helmet)
rElec  .         Spirit   .     (no cloak)
rCorr  .         Warding  .     (no gloves)
rMut   .         Stasis   .     h - +0 pair of boots
MR     .....                    (no amulet)
Stlth  +++.......               (no ring)
                                (no ring)

@: not resistant to hostile enchantments, fairly stealthy
A: nightstalker 1
a: no special abilities


You were on level 3 of the Dungeon.
You were not hungry.

You visited 1 branch of the dungeon, and saw 3 of its levels.

You collected 91 gold pieces.

Inventory:

Armour
 a - a +0 robe (worn)
 h - a +0 pair of boots (worn)
Scrolls
 g - a scroll of amnesia
 j - a scroll of fear
 l - a scroll of fog
 n - a scroll of teleportation
Potions
 e - a potion of lignification
 f - a potion of resistance
 i - a potion of agility {unknown}
Comestibles
 b - 3 bread rations
 c - a slice of pizza
 d - a beef jerky
 m - 3 chunks of flesh
 o - 5 fruits
 r - 2 meat rations


   Skills:
 + Level 3.5 Fighting
 + Level 3.3 Dodging
 + Level 2.6 Stealth
 + Level 4.1 Unarmed Combat


You had 3 spell levels left.
You didn't know any spells.

Dungeon Overview and Level Annotations

Branches:
Dungeon (3/15)

Altars:
Ashenzari
Makhleb


Innate Abilities, Weirdness & Mutations

You are slightly more attuned to the shadows.


Message History

You closely miss the orc priest.
The orc priest mumbles some strange prayers to Beogh against you.
Something smites you!
You completely miss the orc priest. The orc priest barely misses you.
You hit the orc priest.
The orc priest is lightly wounded.
The orc priest hits you with an enchanted trident.
You barely miss the orc priest.
The orc priest is lightly wounded.
The orc priest calls down the wrath of Beogh upon you.
Something smites you!
* * * LOW HITPOINT WARNING * * *
You hear a shout!
An orc wizard comes into view. It is wielding a dagger.
The orc priest hits you from afar with an enchanted trident!
* * * LOW HITPOINT WARNING * * *
You see here 12 arrows.
The orc priest calls down the wrath of Beogh upon you.
Pain shoots through your body!
You die...

######### #.ooo.o.#
#.#####(# ####.###
#....@.# #.##.#.#
.##.##.#.#
.......#.##
#######...###
#.......# #
#########.......#
#.#.......#.......#
#
#.#.......#.#...#.#


You could see an orc priest.

Vanquished Creatures
  4 adders (D:2)
  An ooze (D:2)
  2 giant geckos
  8 hobgoblins
  4 jackals (D:1)
  A quokka (D:2)
  6 bats
  2 giant cockroaches
  5 giant newts
  8 goblins
  5 kobolds
  8 rats
54 creatures vanquished.

Notes
Turn   | Place    | Note
--------------------------------------------------------------
     0 | D:1      | luca467 the Demonspawn Monk began the quest for the Orb.
     0 | D:1      | Reached XP level 1. HP: 18/18 MP: 1/1
   273 | D:1      | Gained mutation: You are slightly more attuned to the shadows. [demonic ancestry]
   273 | D:1      | Reached XP level 2. HP: 24/24 MP: 2/2
   658 | D:1      | Reached XP level 3. HP: 16/29 MP: 3/3
   882 | D:2      | Found a shattered altar of Ashenzari.
   940 | D:2      | Reached skill level 4 in Unarmed Combat
  1211 | D:2      | Reached XP level 4. HP: 22/35 MP: 4/4
  1404 | D:2      | Found a burning altar of Makhleb.
  1416 | D:2      | Noticed a green death
  1717 | D:2      | Noticed an orange demon
  1717 | D:2      | Noticed a hellwing
  1885 | D:3      | Killed from afar by an orc priest

Vault maps used:
D:1:      minmay_arrival_stair_chambers, minmay_surrounded
D:2:      nicolae_overflow_crystal_walls, makhleb_altar_promises_db, first_bread
D:3:      uniq_sigmund

Action                   |  1- 3 |  4- 6 || total
-------------------------+-------+-------++-------
Melee: Unarmed           |   155 |    48 ||   203
  Use: Scroll            |     2 |     8 ||    10
 Stab: Sleeping          |     7 |     2 ||     9
  Eat: Chunk             |     1 |     2 ||     3
